 Dungeon Crawl Stone Soup version 0.19.1 (webtiles) character file.

4 HeyBub the Stinger (level 1, 0/9 HPs)
             Began as a Spriggan Venom Mage on Dec 22, 2016.
             Slain by a kobold (1 damage)
             ... on level 1 of the Dungeon.
             The game lasted 00:02:09 (340 turns).

HeyBub the Stinger (Spriggan Venom Mage)             Turns: 340, Time: 00:02:10

Health: 0/9        AC:  2    Str:  4    XL:     1   Next: 58%
Magic:  1/5        EV: 18    Int: 16    God:
Gold:   0          SH:  0    Dex: 16    Spells: 1 memorised, 4 levels left

rFire  . . .     SeeInvis +     (weapon restricted)
rCold  . . .     Gourm    .     a - +0 robe
rNeg   . . .     Faith    .     (shield restricted)
rPois  .         Spirit   .     (helmet restricted)
rElec  .         Reflect  .     (no cloak)
rCorr  .         Harm     .     (gloves unavailable)
MR     .....                    (boots unavailable)
Stlth  ++........               (no amulet)
                                (no ring)
                                (no ring)

@: very quick
A: unfitting armour, see invisible, herbivore 3, speed 3, slow metabolism 2
a: no special abilities


You were on level 1 of the Dungeon.
You were not hungry.

You visited 1 branch of the dungeon, and saw 1 of its levels.

Inventory:

Armour
 a - a +0 robe (worn)
Scrolls
 e - a scroll of identify {unknown}
Books
 b - a Young Poisoner's Handbook

   Spells                             Type                      Level
   a - Sting                          Conjuration/Poison           1
   b - Mephitic Cloud                 Conjuration/Poison/Air       3
   c - Olgreb's Toxic Radiance        Poison                       4
   d - Alistair's Intoxication        Transmutation/Poison         5
   e - Venom Bolt                     Conjuration/Poison           5
Comestibles
 c - a bread ration
 d - 2 royal jellies


   Skills:
 + Level 3.1 Dodging
 + Level 3.0 Stealth
 + Level 2.8 Spellcasting
 + Level 4.1 Poison Magic


You had 4 spell levels left.
You knew the following spells:

 Your Spells              Type           Power        Failure   Level  Hunger
a - Sting                 Conj/Pois      #...         10%         1    #......


Dungeon Overview and Level Annotations

Branches:
Dungeon (1/15)

Altars:


Innate Abilities, Weirdness & Mutations

You are very small and have problems with some larger weapons.
You are too small for most types of armour.
You have supernaturally acute eyesight. (SInv)
You are a herbivore.
You cover ground extremely quickly.
You need consume almost no food.


Message History

You barely miss the kobold. The jackal completely misses you.
The kobold misses you. The jackal completely misses you.
You hit the kobold but do no damage. The kobold closely misses you.
The kobold completely misses you. The jackal bites you.
* * * LOW HITPOINT WARNING * * *
You barely miss the kobold.
The jackal bites you but does no damage.
The kobold closely misses you. The kobold misses you.
The jackal completely misses you.
Sorry, you're not good enough to have a special ability.
Sorry, you're not good enough to have a special ability.
Casting: Sting
Confirm with . or Enter, or press ? or * to list all spells.
You don't know that spell.
You barely miss the kobold. The kobold closely misses you.
The kobold misses you. The jackal misses you.
You barely miss the kobold. The jackal barely misses you.
The kobold barely misses you. The kobold completely misses you.
You barely miss the kobold. The jackal closely misses you. The kobold hits you.
You die...

........# ##l.##..≈♣⌠♣≈♣⌠♣≈.#
....##..###..†#####≈♣≈.≈♣≈..#
.........#..### ##≈...≈#..#
....##.#....####
##..#....#####
#....#.##......###
#..#.........# #.
#.#.#..#.#....# #.##.$.......#
. #....(##.#.#..#
#.##†........#
#....h##.#.#KK###..........$.#
#.....##.#.##@h..............#
#.....##h#.#####...#.........#
#...K..l.#>. #...#.........#
......l..K#### #.............#
..#.......# #.....###########
..#.####..# ##..... #. #..#
##.##.. . .... ...# #.# #
...... ###?# .#


You could see a jackal and 2 kobolds.

Vanquished Creatures
  2 hobgoblins (D:1)
  A frilled lizard (D:1)
  2 rats (D:1)
  2 toadstools (D:1)
7 creatures vanquished.

Vanquished Creatures (others)
  2 toadstools (D:1)
2 creatures vanquished.

Grand Total: 9 creatures vanquished

Notes
Turn   | Place    | Note
-------+----------+-------------------------------------------
     0 | D:1      | HeyBub the Spriggan Venom Mage began the quest for the Orb.
     0 | D:1      | Reached XP level 1. HP: 9/9 MP: 5/5
   340 | D:1      | Slain by a kobold

Action                   || total
-------------------------++-------
Melee: Unarmed           ||    29
 Cast: Sting             ||    13
Armor: Robe              ||     7
Dodge: Dodged            ||    54
